 Dungeon Crawl Stone Soup version 0.30-a0-424-g7412bad402 (webtiles) character file.

Game seed: 1463370491816725652

521 cforsyth the Trooper (level 7, -1/62 HPs)
             Began as a Minotaur Berserker on Dec 10, 2022.
             Was a Priest of Trog.
             Shot with an arrow by a centaur (5 damage)
             ... on level 5 of the Dungeon.
             The game lasted 00:06:04 (3636 turns).

cforsyth the Trooper (Minotaur Berserker)           Turns: 3636, Time: 00:06:05

Health: -1/62      AC:  9    Str: 24    XL:     7   Next: 1%
Magic:  6/6        EV: 11    Int:  4    God:    Trog [***...]
Gold:   259        SH:  0    Dex:  9    Spells: 6/6 levels left

rFire   . . .      SeeInvis .    e - +1 war axe (flame)
rCold   . . .      Faith    .    (no shield)
rNeg    . . .      Spirit   .    w - +0 scale mail
rPois   +          Reflect  .    (helmet restricted)
rElec   .          Harm     .    d - +0 cloak
rCorr   .          Rampage  .    t - +0 pair of gloves
Will    .....                    (no boots)
Stlth   ..........               (no amulet)
HPRegen 0.30/turn                a - ring of poison resistance
MPRegen 0.10/turn                (no ring)

@: no status effects
A: horns 2, retaliatory headbutt
a: Renounce Religion, Berserk, Trog's Hand


You were on level 5 of the Dungeon.
You worshipped Trog.
Trog was most pleased with you.
You visited 1 branch of the dungeon, and saw 5 of its levels.

You collected 259 gold pieces.

Inventory:

Hand Weapons
 e - a +1 war axe of flaming (weapon)
Armour
 d - a +0 cloak (worn)
 t - a +0 pair of gloves (worn)
 w - a +0 scale mail (worn)
Jewellery
 a - a ring of poison resistance (left hand)
 p - an amulet of the acrobat
 x - an amulet of regeneration
Wands
 r - a wand of flame (19)
 u - a wand of roots (5)
Scrolls
 c - 4 scrolls of teleportation {unknown}
 f - 2 scrolls of vulnerability {unknown}
 g - 6 scrolls of identify {unknown}
 i - 2 scrolls of fear {unknown}
 j - a scroll of noise {unknown}
 k - a scroll of enchant armour {unknown}
 l - 3 scrolls of butterflies {unknown}
 o - 2 scrolls of immolation {unknown}
 q - a scroll of amnesia {unknown}
 s - a scroll of acquirement {unknown}
Potions
 b - 2 potions of might {unknown}
 h - 3 potions of heal wounds {unknown}
 m - a potion of curing {unknown}
 n - a potion of magic {unknown}
 v - a potion of brilliance {unknown}
 z - a potion of mutation {unknown}
 A - a potion of attraction {unknown}
 B - a potion of berserk rage {unknown}
 C - a potion of haste {unknown}


   Skills:
 + Level 5.7 Fighting
 + Level 5.6 Axes
 + Level 5.0 Armour
 + Level 4.5 Dodging


You had 6 spell levels left.
You didn't know any spells.
Your spell library was empty.

Dungeon Overview and Level Annotations

Branches:
Dungeon (5/15)
 Temple: D:4-7

Altars:
Cheibriados
Dithmenos
Fedhas
Nemelex Xobeh
Okawaru
The Shining One

Shops:
D:1 (?

Annotations:
D:4 2 runed translucent doors, Crazy Yiuf; spardeous's ghost, amateur FeTm


Innate Abilities, Weirdness & Mutations

You have a pair of horns on your head.
You reflexively headbutt those who attack you in melee.


Message History

No reachable target in view!
No reachable target in view!
A centaur is nearby!
No reachable target in view!
No reachable target in view!
No reachable target in view!
A centaur is nearby!
No reachable target in view!
A centaur is nearby!
Found a blossoming altar of Fedhas.
The centaur unwields a +0 shortbow.
The centaur hits something but does no damage.
The centaur kicks something but does no damage.
The centaur wields a +0 shortbow.
The centaur shoots an arrow.
The arrow closely misses you.
The centaur shoots an arrow.
The arrow hits you.
The centaur shoots an arrow.
The arrow hits you.
The centaur shoots an arrow.
The arrow hits you.
The centaur shoots an arrow.
The arrow hits you!
The centaur unwields a +0 shortbow.
The centaur hits the bush but does no damage.
The centaur kicks the bush but does no damage.
You hit the bush but do no damage. You slash the bush! You burn the bush.
The centaur wields a +0 shortbow.
The centaur shoots an arrow.
The arrow hits you!
You hit the bush but do no damage. x2; The centaur shoots an arrow.
The arrow hits you!
The centaur shoots an arrow.
The arrow hits you but does no damage.
You hit the bush. You burn the bush. You headbutt the bush.
The bush is lightly damaged.
You hit the bush but do no damage.
The centaur shoots an arrow.
The arrow hits you.
* * * LOW HITPOINT WARNING * * *
The centaur shoots an arrow.
The arrow closely misses you.
Unknown command.
The centaur shoots an arrow.
The arrow hits you!
* * * LOW HITPOINT WARNING * * *
Unknown command.
The centaur shoots an arrow.
The arrow completely misses you.
The centaur shoots an arrow.
The arrow hits you.
You die...

#...... #...... #......
#..)... #......
#################......
#........$.............
#.#...........#########
### #..#.@.........#
#...PPP..#######.#.#
PP....# ..(.# PP_PP.##
#.###


PPPcP.. #.. . PPP.## ### ...# #### You could see a centaur.

Vanquished Creatures
  3 scorpions
  A jelly (D:5)
  A hound (D:4)
  2 orc priests
  2 iguanas (D:4)
  An iron imp (D:5)
  Robin (D:4)
  4 adders
  A shadow imp (D:5)
  2 dart slugs (D:2)
  8 orcs
  5 bats
  4 endoplasms
  6 giant cockroaches
  10 hobgoblins
  2 jackals (D:1)
  4 kobolds
  4 quokkas
  4 ball pythons
  2 frilled lizards (D:2)
  15 goblins
  7 rats
89 creatures vanquished.

Notes
Turn   | Place    | Note
-------+----------+-------------------------------------------
     0 | D:1      | cforsyth the Minotaur Berserker began the quest for the
                  | Orb.
     0 | D:1      | Reached XP level 1. HP: 19/19 MP: 0/0
   147 | D:1      | Found Faivosaq's Magic Scroll Emporium.
   207 | D:1      | Reached XP level 2. HP: 27/27 MP: 1/1
   342 | D:1      | Found Elel's Weapon Shoppe.
   750 | D:2      | Reached XP level 3. HP: 33/33 MP: 2/2
   968 | D:2      | Reached ** piety under Trog
  1679 | D:3      | Reached XP level 4. HP: 8/41 MP: 3/3
  2461 | D:4      | Found an iron altar of Okawaru.
  2462 | D:4      | Noticed a scorpion
  2467 | D:4      | Killed a scorpion
  2468 | D:4      | Reached XP level 5. HP: 30/47 MP: 4/4
  2603 | D:4      | Reached skill level 5 in Fighting
  2663 | D:4      | Reached skill level 5 in Axes
  2769 | D:4      | Found a runed translucent door.
  2769 | D:4      | Noticed spardeous's ghost (amateur FeTm)
  2816 | D:4      | Noticed Robin
  2824 | D:4      | Reached *** piety under Trog
  2833 | D:4      | Killed Robin
  2834 | D:4      | Reached XP level 6. HP: 47/56 MP: 5/5
  2903 | D:4      | Found a sparkling altar of Nemelex Xobeh.
  3016 | D:4      | Found a runed translucent door.
  3017 | D:4      | Noticed Crazy Yiuf
  3132 | D:4      | Found a shadowy altar of Dithmenos.
  3197 | D:5      | Entered Level 5 of the Dungeon
  3366 | D:5      | Found a snail-covered altar of Cheibriados.
  3371 | D:5      | Reached skill level 5 in Armour
  3371 | D:5      | Reached XP level 7. HP: 62/62 MP: 6/6
  3492 | D:5      | Found a glowing golden altar of the Shining One.
  3627 | D:5      | Found a blossoming altar of Fedhas.
  3636 | D:5      | Shot with an arrow by a centaur

Illustrated notes

Levels and vault maps discovered:
D:1:      lightli_arrival_quake, layout_loops_cross, serial_shops,
          nicolae_shop_crystal, nicolae_diamond_shop
D:2:      layout_loops_corners, minmay_increasing_density
D:3:      layout_loops_cross
D:4:      layout_rooms, nicolae_overflow_crystal_walls, okawaru_gym_becter,
          mainiacjoe_overflow_cross_hatched, gammafunk_ghost_grave,
          dreamdust_princess_bridge, uniq_robin, uniq_crazy_yiuf_cottage
D:5:      layout_basic, lemuel_coloured_pillars_altar, tso_altar, slow_altar_2,
          fedhas_bush_and_centaur_altar

Skill      XL: |  1  2  3  4  5  6 |
---------------+-------------------+-----
Fighting       | 4 5 |  5.7
Axes           | 4 5 |  5.6
Armour         | 3 4 5 |  5.0
Dodging        | 3 4 |  4.5

Action                   |  1- 3 |  4- 6 |  7- 9 || total
-------------------------+-------+-------+-------++-------
Melee: War axe           |    56 |    85 |     3 ||   144
       Headbutt          |     3 |     6 |     1 ||    10
Armor: Animal skin       |    22 |       |       ||    22
       Ring mail         |     5 |    12 |       ||    17
       Scale mail        |       |    23 |     1 ||    24
Dodge: Dodged            |    39 |    62 |     3 ||   104

Table legend: (Time is in decaauts)
 A = Elapsed time spent in this place.
 B = Non-inter-level travel time spent in this place.
 C = Inter-level travel time spent in this place.
 D = Time resting spent in this place.
 E = Time spent auto-exploring this place.
 F = Levels seen in this place.
 G = Mean time per level.
                   A        B        C        D        E       F      G
               +--------+--------+--------+--------+--------+-----+--------+
         Total |   3676 |   3568 |    108 |     13 |   3031 |   5 |  735.2 |
       Dungeon |   3676 |   3568 |    108 |     13 |   3031 |   5 |  735.2 |
               +--------+--------+--------+--------+--------+-----+--------+

Top non-repeatable levels by time:
     D:2: 1093 daAuts
     D:4: 790 daAuts
     D:1: 739 daAuts
     D:3: 608 daAuts
     D:5: 444 daAuts
